 Dungeon Crawl Stone Soup version 0.28-a0-1524-ge72afd5fc6 (webtiles) character file.

Game seed: 16869835454244411434

2 psuckher the Sneak (level 1, -1/18 HPs)
             Began as a Barachi Delver on Jan 17, 2022.
             Slain by a hound (2 damage)
             ... on level 4 of the Dungeon.
             The game lasted 00:00:36 (92 turns).

psuckher the Sneak (Barachi Delver)                   Turns: 92, Time: 00:00:37

Health: -1/18      AC:  3    Str: 13    XL:     1   Next: 30%
Magic:  1/1        EV: 12    Int: 10    God:
Gold:   9          SH:  0    Dex: 13    Spells: 0/0 levels left

rFire   . . .      SeeInvis .   a - +0 short sword
rCold   . . .      Faith    .   (no shield)
rNeg    . . .      Spirit   .   b - +0 leather armour
rPois   .          Reflect  .   (no helmet)
rElec   .          Harm     .   (no cloak)
rCorr   .          Rampage  .   (no gloves)
Will    .....                   (no boots)
Stlth   ++........              (no amulet)
HPRegen 0.06/turn               (no ring)
MPRegen 0.07/turn               (no ring)

@: slow
A: amphibious, slowness 1, strong legs 1, +LOS
a: Hop


You were on level 4 of the Dungeon.
You visited 1 branch of the dungeon, and saw 2 of its levels.

You collected 9 gold pieces.

Inventory:

Hand Weapons
 a - a +0 short sword (weapon)
Armour
 b - a +0 leather armour (worn)
Wands
 g - a wand of digging (3)
Scrolls
 c - a scroll of fog
 d - a scroll of magic mapping
Potions
 f - a potion of haste


   Skills:
 + Level 3.6 Fighting
 + Level 2.1 Short Blades
 + Level 2.1 Dodging
 + Level 4.6 Stealth


You couldn't memorise any spells.
You didn't know any spells.
Your spell library was empty.

Dungeon Overview and Level Annotations

Branches:
Dungeon (5/15)
 Temple: D:4-7

Altars:


Innate Abilities, Weirdness & Mutations

You are amphibious.
You cover ground slowly.
You can hop short distances.
You have an extended range of vision and can be seen from far away.


Message History

You kill the orc!
You see here a +0 mace.
You see here a +0 mace.
There is a stone staircase leading down here.
You now have 9 gold pieces.
Found a stone staircase leading up.
Found a stone staircase leading down.
Found 4 gold pieces.
Found 18 stones.
A hound and an iguana come into view.
The hound barks!
The hound moves out of view.
You hit the hound but do no damage. The hound bites you. The hound misses you.
You closely miss the hound. The hound bites you.
You closely miss the hound. The hound closely misses you. The hound bites you.
You hit the hound.
The hound is lightly wounded.
The hound bites you.
You closely miss the hound.
The hound is lightly wounded.
The hound bites you.
* * * LOW HITPOINT WARNING * * *
The hound barely misses you.
You barely miss the hound.
The hound is lightly wounded.
The hound barely misses you.
Unknown command.
As you read the scroll of fear, it crumbles to dust.
You assume a fearsome visage.
The hound looks frightened!
You hear the slow hiss of an avalanche of sand very nearby.
Found the +8 woodcutter's axe {vorpal}.
A jackal comes into view.
A jackal comes into view.
The jackal barks!
Cornered, the hound turns to fight!
The hound barely misses you. The jackal barely misses you.
The hound misses you. The jackal bites you.
* * * LOW HITPOINT WARNING * * *
The jackal barely misses you. The hound bites you.
You die...

..# . ..# #. ..##. ####.
..... ..#. ..... ...####
# .. .... #.... .##.. .#
#..###..... .#
#.@..)..... .#
##hh..h.... .# #.........
.# #......... .#
#......... .# #.........
.# #......... .####
###### ##.........
....####....###..........


You could see a hound and 2 jackals.

Vanquished Creatures
  An orc (D:4)
1 creature vanquished.

Notes
Turn   | Place    | Note
-------+----------+-------------------------------------------
     0 | D:5      | psuckher the Barachi Delver began the quest for the Orb.
     0 | D:5      | Reached XP level 1. HP: 18/18 MP: 1/1
    25 | D:5      | Noticed an orc priest
    73 | D:4      | Noticed a hound
    73 | D:4      | Noticed an iguana
    83 | D:4      | Found the +8 woodcutter's axe {vorpal}
    92 | D:4      | Slain by a hound

Illustrated notes

Levels and vault maps discovered:
D:4:      layout_rooms, nicolae_ossuary_entry_catacombs
D:5:      minmay_general_purpose_star, layout_rooms, nicolae_uskayaw_en_pointe,
          grunt_temple_overflow_open, minmay_temple_entry_glassed_door,
          serial_glass, glass_columns_c, glass_columns_b, feat_on_display,
          minmay_strange_pillars, due_unseen_surprise, minmay_between

Action                   || total
-------------------------++-------
Melee: Short sword       ||     8
  Use: Scroll            ||     1
Dodge: Dodged            ||    12

Table legend: (Time is in decaauts)
 A = Elapsed time spent in this place.
 B = Non-inter-level travel time spent in this place.
 C = Inter-level travel time spent in this place.
 D = Time resting spent in this place.
 E = Time spent auto-exploring this place.
 F = Levels seen in this place.
 G = Mean time per level.
                   A        B        C        D        E       F      G
               +--------+--------+--------+--------+--------+-----+--------+
         Total |    107 |    107 |      0 |      0 |      0 |   2 |   53.5 |
       Dungeon |    107 |    107 |      0 |      0 |      0 |   2 |   53.5 |
               +--------+--------+--------+--------+--------+-----+--------+

Top non-repeatable levels by time:
     D:4: 61 daAuts
     D:5: 46 daAuts
